[Event "Titled Tuesday Blitz June 14 Early 2022"]
[White "Sjugirov, Sanan"]
[Black "Maximov, Dmitry"]
[WhiteFideId "4189302"]
[BlackFideId "14105659"]
[WhiteElo "2602"]
[BlackElo "2494"]
[Result "0-1"]
[Round "03"]
[TimeControl "180+1"]
[Date "2022.06.14"]
[WhiteClock "0:00:01"]
[BlackClock "0:00:17"]

1. e4 c5 2. Nf3 d6 3. d4 cxd4 4. Nxd4 Nf6 5. Nc3 a6 6. Be3 g6 7. f3 Bg7 8. Qd2 h5 9. Be2 Nc6 10. O-O Bd7 11. Rad1 O-O 12. Nd5 Nxd5 13. exd5 Nxd4 14. Bxd4 Bxd4+ 15. Qxd4 Rc8 16. c3 Qa5 17. a3 Qc5 18. Rfe1 Rfe8 19. Kf2 Ba4 20. Rd2 b5 21. f4 Bb3 22. Bf3 Qxd4+ 23. Rxd4 Rc4 24. Rxc4 Bxc4 25. Ke3 Kg7 26. Kd4 Kf6 27. a4 Rc8 28. a5 Bb3 29. Kd3 Rc4 30. Re4 Rc5 31. Rd4 Bc4+ 32. Ke3 Bb3 33. g3 Kg7 34. Kd2 Kf6 35. h3 Kg7 36. Ke3 Kf6 37. Kd3 Kg7 38. Kd2 Kf6 39. Ke3 Kg7 40. g4 hxg4 41. hxg4 f5 42. g5 Kf7 43. Kd2 Kg7 44. Kd3 Kf7 45. Ke3 Rc8 46. Rb4 Ba2 47. Rd4 Rh8 48. Rd2 Bb3 49. Rf2 Rh3 50. Rf1 Bxd5 0-1


[Site "https://www.chess.com"]

[Event "Titled Tuesday Blitz June 14 Early 2022"]
[White "Suleymanli, Aydin"]
[Black "Artemenko, Oleg"]
[WhiteFideId "13413937"]
[BlackFideId "14201798"]
[WhiteElo "2481"]
[BlackElo "2287"]
[Result "1-0"]
[Round "03"]
[TimeControl "180+1"]
[Date "2022.06.14"]
[WhiteClock "0:00:18"]
[BlackClock "0:01:06"]

1. e4 e6 2. d3 d5 3. Nd2 Nf6 4. g3 c5 5. Bg2 Nc6 6. Ngf3 Be7 7. O-O O-O 8. e5 Nd7 9. Re1 b5 10. c4 bxc4 11. dxc4 Nb6 12. b3 Rb8 13. h4 dxc4 14. bxc4 Ba6 15. Bf1 Qc7 16. Qe2 Rfd8 17. Qe4 Bb7 18. Qg4 Nb4 19. Ne4 Bxe4 20. Rxe4 Nd7 21. Bh6 Bf8 22. h5 Nc2 23. Rc1 Nd4 24. Nxd4 cxd4 25. Bxg7 Bxg7 26. h6 Kf8 27. Qxg7+ Ke7 28. Rf4 Rf8 29. Re1 Qa5 30. Rd1 Qxe5 31. Qxh7 Nf6 32. Qd3 Rh8 33. Qa3+ Ke8 34. Bg2 Rc8 35. Rfxd4 Rxh6 36. Bc6+ 1-0


[Site "https://www.chess.com"]

[Event "Titled Tuesday Blitz June 14 Early 2022"]
[White "Taboas Rodriguez, Daniel"]
[Black "Samadov, Read"]
[WhiteFideId "2208466"]
[BlackFideId "13417444"]
[WhiteElo "2429"]
[BlackElo "2084"]
[Result "1-0"]
[Round "03"]
[TimeControl "180+1"]
[Date "2022.06.14"]
[WhiteClock "0:00:52"]
[BlackClock "0:00:09"]

1. d4 Nf6 2. Nf3 e6 3. c4 d5 4. Bg5 Bb4+ 5. Nc3 h6 6. Bxf6 Qxf6 7. e3 O-O 8. Rc1 Nc6 9. a3 Bxc3+ 10. Rxc3 dxc4 11. Bxc4 e5 12. dxe5 Nxe5 13. Nxe5 Qxe5 14. O-O c6 15. Qe2 Be6 16. Rd1 Rfd8 17. Bxe6 Qxe6 18. Rcd3 Qf6 19. b4 g6 20. g3 h5 21. h4 Rxd3 22. Qxd3 a5 23. Qd4 Qf3 24. Ra1 axb4 25. axb4 Rxa1+ 26. Qxa1 b5 27. Qc3 Qd1+ 28. Kg2 Qd5+ 29. f3 Kf8 30. e4 Qa2+ 31. Kf1 Qe6 32. Ke2 Ke7 33. Ke3 Qd6 34. f4 Kd7 35. Qd4 Qxd4+ 36. Kxd4 Kd6 37. e5+ Kd7 38. Kc5 Kc7 39. Kd4 Kb6 40. g4 hxg4 41. f5 g3 42. Ke3 Kc7 43. e6 Kd6 44. exf7 Ke7 45. fxg6 g2 46. Kf2 c5 47. bxc5 b4 48. c6 b3 49. c7 b2 50. f8=Q+ 1-0


[Site "https://www.chess.com"]

[Event "Titled Tuesday Blitz June 14 Early 2022"]
[White "Tan, Zhongyi"]
[Black "Priasmoro, Novendra"]
[WhiteFideId "8603642"]
[BlackFideId "7105029"]
[WhiteElo "2510"]
[BlackElo "2309"]
[Result "0-1"]
[Round "03"]
[TimeControl "180+1"]
[Date "2022.06.14"]
[WhiteClock "0:00:02"]
[BlackClock "0:02:07"]

1. e4 c5 2. Nf3 Nc6 3. Bb5 g6 4. Bxc6 bxc6 5. O-O Bg7 6. Re1 Nh6 7. c3 f5 8. d3 O-O 9. Na3 Rb8 10. h3 d6 11. Bg5 Nf7 12. Bc1 e5 13. Nc4 Be6 14. b3 h6 15. Qc2 Qd7 16. Na5 f4 17. d4 cxd4 18. cxd4 Rbc8 19. dxe5 Nxe5 20. Nxe5 Bxe5 21. Bb2 Bxh3 22. Bxe5 dxe5 23. Rad1 Qg4 24. f3 Qg5 25. Rd6 Kg7 26. Red1 Rc7 27. R1d2 Rff7 28. Rxc6 Rxc6 29. Nxc6 Bd7 30. Qc5 Bxc6 31. Qxc6 Qg3 32. Rd1 h5 33. Qc5 Qg5 34. Rd5 Re7 35. Qc8 Qf6 36. Rd8 Qf7 0-1


[Site "https://www.chess.com"]

[Event "Titled Tuesday Blitz June 14 Early 2022"]
[White "Terry, Renato"]
[Black "Gaehwiler, Gabriel"]
[WhiteFideId "3803457"]
[BlackFideId "1314530"]
[WhiteElo "2577"]
[BlackElo "2383"]
[Result "1-0"]
[Round "03"]
[TimeControl "180+1"]
[Date "2022.06.14"]
[WhiteClock "0:00:06"]
[BlackClock "0:00:03"]

1. d4 Nf6 2. Nf3 g6 3. Bg5 Bg7 4. c3 O-O 5. Nbd2 d5 6. e3 c6 7. Be2 Bg4 8. Qb3 Qb6 9. h3 Bxf3 10. Bxf3 Nbd7 11. O-O Rfe8 12. a4 Qxb3 13. Nxb3 a5 14. Rfd1 e5 15. Bh4 Rec8 16. Bg3 Ne8 17. e4 dxe4 18. Bxe4 exd4 19. Nxd4 Nc5 20. Bc2 Rd8 21. Nf3 Nf6 22. Kf1 Nd5 23. Ne5 Nb6 24. Nd3 Nxd3 25. Bxd3 Rd7 26. Be2 Rad8 27. Rxd7 Rxd7 28. Bf4 Nd5 29. Bg5 Bf6 30. Bc1 Kf8 31. Bc4 Nb6 32. Bb3 Be7 33. Bh6+ Ke8 34. Re1 Nd5 35. g3 Kd8 36. h4 Bf6 37. Kg2 Re7 38. Rd1 Rd7 39. Kf3 Be7 40. h5 f5 41. hxg6 hxg6 42. Bc1 Nf6 43. Rh1 Bc5 44. Bg5 Be7 45. Be6 Rd3+ 46. Ke2 Rd6 47. Rh8+ Ne8 48. Bf7 Bxg5 49. Rxe8+ Kc7 50. f4 Bd8 51. Rg8 b5 52. axb5 cxb5 53. Bxg6 Rf6 54. Bh5 b4 55. cxb4 axb4 56. Kd3 Be7 57. Rg6 Rf8 58. b3 Rd8+ 59. Kc4 Rd2 60. Rg7 Kd8 61. Rf7 Rc2+ 62. Kb5 Rc3 63. Rxf5 Rxb3 64. g4 Rc3 65. Ka4 b3 66. Rd5+ Kc7 67. Rb5 Rc4+ 68. Kxb3 Rxf4 69. Kc3 Kd6 70. Rb6+ Ke5 71. Kd3 Rf3+ 72. Ke2 Ra3 73. Bf7 Bg5 74. Rb5+ Kf4 75. Bh5 Re3+ 76. Kd1 Rd3+ 77. Kc2 Rd6 78. Rf5+ Kg3 79. Rxg5 Kh4 80. Rf5 Rh6 81. Kd3 1-0


[Site "https://www.chess.com"]

[Event "Titled Tuesday Blitz June 14 Early 2022"]
[White "Xiong, Jeffery"]
[Black "Karacsonyi, Gellert"]
[WhiteFideId "2047640"]
[BlackFideId "764620"]
[WhiteElo "2714"]
[BlackElo "2187"]
[Result "1-0"]
[Round "03"]
[TimeControl "180+1"]
[Date "2022.06.14"]
[WhiteClock "0:01:20"]
[BlackClock "0:00:06"]

1. e4 c5 2. Nf3 Nc6 3. Nc3 g6 4. d4 cxd4 5. Nxd4 Bg7 6. Be3 Nf6 7. Bc4 O-O 8. Bb3 Re8 9. O-O d6 10. h3 Na5 11. Qd2 b6 12. Bh6 Nxb3 13. axb3 Bb7 14. Bxg7 Kxg7 15. Rae1 Rc8 16. f4 Nd7 17. e5 e6 18. Ncb5 Ba6 19. Ra1 Bxb5 20. Nxb5 dxe5 21. Rxa7 Nf8 22. Nd6 e4 23. Rxf7+ Kg8 24. Qd4 e5 25. fxe5 Rc5 26. c3 Rexe5 27. Rxf8+ Qxf8 28. Rxf8+ Kxf8 29. Nxe4 Rcd5 30. Qf2+ Ke8 31. Nf6+ 1-0


[Site "https://www.chess.com"]

[Event "Titled Tuesday Blitz June 14 Early 2022"]
[White "Yaniuk, Volodymyr"]
[Black "Goltsev, Dmitry"]
[WhiteFideId "14133083"]
[BlackFideId "24176710"]
[WhiteElo "2207"]
[BlackElo "2258"]
[Result "1/2-1/2"]
[Round "03"]
[TimeControl "180+1"]
[Date "2022.06.14"]
[WhiteClock "0:00:13"]
[BlackClock "0:00:04"]

1. c4 Nf6 2. d4 e6 3. g3 Bb4+ 4. Bd2 Qe7 5. Bg2 Nc6 6. e3 O-O 7. Ne2 Bxd2+ 8. Qxd2 d6 9. d5 exd5 10. cxd5 Ne5 11. O-O Bh3 12. Nbc3 Bxg2 13. Kxg2 Rfe8 14. Rac1 Nc4 15. Qd4 Nb6 16. Rfd1 Qd7 17. h3 Re5 18. Nf4 Rae8 19. Nd3 Rh5 20. g4 Rh4 21. Kg3 g5 22. Qxf6 h6 23. Qd4 f5 24. f3 Qf7 25. Nf2 h5 26. Ne2 Rf8 27. f4 fxg4 28. hxg4 hxg4 29. Rh1 Nxd5 30. Rxh4 gxh4+ 31. Kxg4 Qe6+ 32. Kf3 c5 33. Rg1+ Kf7 34. Qg7+ Ke8 35. Qg6+ Qxg6 36. Rxg6 Ne7 37. Rxd6 Rh8 38. Nh3 Rg8 39. Rh6 c4 40. Rxh4 Rg6 41. Rh8+ Kd7 42. Rh5 Rb6 43. Nd4 Rxb2 44. Ra5 a6 45. f5 c3 46. Rc5 Rxa2 47. Rxc3 b5 48. Nf4 b4 49. Rc4 a5 50. f6 Nc8 51. f7 Ke7 52. Rxc8 Kxf7 53. Rb8 Rb2 54. Ra8 Ra2 55. Nc6 b3 56. Nd3 b2 57. Nxb2 Rxb2 58. Rxa5 Rc2 59. Ne5+ Ke6 60. Nd3 Rd2 61. Nf4+ Kf6 62. Ke4 Rb2 63. Ra6+ Ke7 64. Ke5 Rb5+ 65. Nd5+ Kd7 66. e4 Kc8 67. Ra7 Kb8 68. Rg7 Rb6 69. Nxb6 1/2-1/2


[Site "https://www.chess.com"]

[Event "Titled Tuesday Blitz June 14 Early 2022"]
[White "Zierk, Steven"]
[Black "Halkias, Stelios"]
[WhiteFideId "2034255"]
[BlackFideId "4201809"]
[WhiteElo "2494"]
[BlackElo "2453"]
[Result "1/2-1/2"]
[Round "03"]
[TimeControl "180+1"]
[Date "2022.06.14"]
[WhiteClock "0:00:15"]
[BlackClock "0:00:06"]

1. d4 Nf6 2. c4 g6 3. Nc3 Bg7 4. e4 d6 5. Nf3 O-O 6. Be2 e5 7. Be3 Na6 8. O-O c6 9. h3 exd4 10. Bxd4 Re8 11. Qc2 Nb4 12. Qb1 Qe7 13. a3 Na6 14. Re1 Nc5 15. Bf1 Nb3 16. Bxf6 Qxf6 17. Ra2 Be6 18. Qd1 Na5 19. Qxd6 Nxc4 20. Qb4 a5 21. Qxb7 Rab8 22. Qxc6 Ne5 23. Nxe5 Bxa2 24. Qxf6 Bxf6 25. Nxa2 Bxe5 26. b4 a4 27. Bc4 Rec8 28. Bd5 Rc2 29. Re3 Kg7 30. g3 Rd8 31. Kf1 f5 32. b5 Bd4 33. Re2 Rxe2 34. Kxe2 Rb8 35. Bc6 fxe4 36. Nb4 Rf8 37. Bxe4 Rxf2+ 38. Kd3 Be5 39. b6 Bxg3 40. b7 Rb2 41. Kc4 Rb3 42. Kb5 Rxa3 43. Na6 Rb3+ 44. Kxa4 Rb6 45. Ka5 Rb2 46. Bc6 Kf6 47. Bb5 h5 48. b8=Q Bxb8 49. Nxb8 Kg5 50. Nd7 Kh4 51. Ne5 g5 52. Bd7 Kg3 53. Nf7 Ra2+ 54. Kb6 g4 55. hxg4 hxg4 56. Ne5 Rd2 57. Bxg4 Rd5 1/2-1/2


[Site "https://www.chess.com"]

[Event "Titled Tuesday Blitz June 14 Early 2022"]
[White "Aravindh, Chithambaram VR."]
[Black "Kucuksari, Kaan"]
[WhiteFideId "5072786"]
[BlackFideId "6380166"]
[WhiteElo "2577"]
[BlackElo "2305"]
[Result "1-0"]
[Round "04"]
[TimeControl "180+1"]
[Date "2022.06.14"]
[WhiteClock "0:02:01"]
[BlackClock "0:02:11"]

1. b3 e5 2. Bb2 Nc6 3. e3 Nf6 4. Bb5 Bd6 5. Na3 Na5 6. Be2 O-O 7. Nb5 Be7 8. Bxe5 Nc6 9. Bxc7 Qe8 10. Nd6 Bxd6 11. Bxd6 b6 12. Bxf8 Kxf8 13. Nf3 Bb7 14. O-O Kg8 15. d4 h6 16. c4 Ne4 17. d5 Nb4 18. a3 Na6 19. Nd4 d6 20. Bf3 Nf6 21. b4 Qe5 22. Nc6 Qc3 23. Qd4 Qc2 24. Rfc1 Qa4 25. Bd1 Bxc6 26. Bxa4 Bxa4 27. c5 Bb3 28. cxd6 1-0


[Site "https://www.chess.com"]

[Event "Titled Tuesday Blitz June 14 Early 2022"]
[White "Bachmann, Axel"]
[Black "Sadhwani, Raunak"]
[WhiteFideId "3700488"]
[BlackFideId "35093487"]
[WhiteElo "2587"]
[BlackElo "2616"]
[Result "1-0"]
[Round "04"]
[TimeControl "180+1"]
[Date "2022.06.14"]
[WhiteClock "0:00:26"]
[BlackClock "0:00:14"]

1. c4 e5 2. Nc3 Nc6 3. Nf3 f5 4. d4 e4 5. d5 exf3 6. dxc6 dxc6 7. Qxd8+ Kxd8 8. gxf3 Nf6 9. e3 Be6 10. b3 g6 11. Bb2 Bg7 12. Ne2 Ke7 13. Nf4 Ne8 14. O-O-O Bxb2+ 15. Kxb2 Nf6 16. h4 Rad8 17. Bd3 Nd7 18. Kc3 Ne5 19. Be2 Bc8 20. Rdg1 Rhg8 21. Rg5 h6 22. Rg2 Be6 23. Nxe6 Kxe6 24. f4 Nd7 25. Rhg1 Kf6 26. Bd3 Nc5 27. Bc2 a5 28. h5 g5 29. fxg5+ hxg5 30. h6 Rg6 31. Rh2 Rh8 32. h7 Ne6 33. Rd1 Nf8 34. Rd8 Kg7 35. Bxf5 Rf6 36. Bc2 c5 37. Rc8 Rf7 38. Rg2 Ne6 39. Rxh8 Kxh8 40. f4 Rg7 41. f5 Nf8 42. f6 Rf7 43. Rxg5 Nxh7 44. Rh5 Kg8 45. Rxh7 Rxh7 46. Bxh7+ Kxh7 47. e4 Kg6 48. e5 Kf7 49. Kd3 Ke6 1-0


[Site "https://www.chess.com"]

[Event "Titled Tuesday Blitz June 14 Early 2022"]
[White "Bharath Subramaniyam H"]
[Black "Fedoseev, Vladimir"]
[WhiteFideId "46634827"]
[BlackFideId "24130737"]
[WhiteElo "2242"]
[BlackElo "2726"]
[Result "0-1"]
[Round "04"]
[TimeControl "180+1"]
[Date "2022.06.14"]
[WhiteClock "0:00:12"]
[BlackClock "0:00:33"]

1. c4 e5 2. Nf3 e4 3. Nd4 Nc6 4. e3 Nf6 5. Nc3 Bc5 6. Nde2 Bd6 7. Ng3 Bxg3 8. hxg3 d6 9. a3 Ne5 10. d4 exd3 11. f4 Bg4 12. Qa4+ Bd7 13. Qb3 Neg4 14. Bxd3 Bc6 15. Nd5 Bxd5 16. cxd5 O-O 17. Qc2 g6 18. Qe2 Re8 19. Qf3 c6 20. dxc6 bxc6 21. O-O Qb6 22. Re1 d5 23. b4 a5 24. Bd2 axb4 25. axb4 Rxa1 26. Rxa1 Nxe3 27. Kh1 Qd4 28. Ra3 Qb2 29. Bxe3 Qxa3 30. Bd4 Qc1+ 31. Kh2 Re1 32. g4 Ne4 33. Bxe4 Rxe4 34. Be5 Qe1 35. Bf6 Re3 0-1


[Site "https://www.chess.com"]

[Event "Titled Tuesday Blitz June 14 Early 2022"]
[White "Bilych, Olexiy"]
[Black "Kollars, Dmitrij"]
[WhiteFideId "14156504"]
[BlackFideId "12909572"]
[WhiteElo "2189"]
[BlackElo "2584"]
[Result "0-1"]
[Round "04"]
[TimeControl "180+1"]
[Date "2022.06.14"]
[WhiteClock "0:00:14"]
[BlackClock "0:00:25"]

1. e4 c6 2. d4 d5 3. e5 Bf5 4. h4 h5 5. Bd3 Bxd3 6. Qxd3 Qa5+ 7. Nd2 e6 8. Nf3 Nh6 9. O-O Nf5 10. Nb3 Qa6 11. Qd1 Nd7 12. a4 b6 13. Bg5 c5 14. c3 Rc8 15. Re1 Qb7 16. a5 c4 17. Nc1 b5 18. Ne2 a6 19. Nf4 Be7 20. Bxe7 Kxe7 21. g3 g6 22. Ng5 Rcg8 23. Qf3 Qc6 24. Re2 Rg7 25. Kh2 Kd8 26. Ree1 Kc8 27. Qe2 Kb8 28. Qc2 Ka8 29. Kg2 Rb8 30. b4 cxb3 31. Qxb3 Nf8 32. Nd3 Nh7 33. Nf3 g5 34. hxg5 Nxg5 35. Nc5 Nxf3 36. Kxf3 Rbg8 37. Rh1 Rg4 38. Rad1 h4 39. gxh4 Nxh4+ 40. Ke2 Ng6 41. Qc2 Nxe5 42. Rh7 Nd7 43. Nd3 Rxd4 44. Rxf7 Rc8 45. Qd2 Rxd3 46. Qxd3 Ne5 47. Qh7 Qc4+ 48. Ke1 Qxc3+ 49. Kf1 Qc4+ 50. Kg1 Qg4+ 51. Kh2 Nxf7 0-1


[Site "https://www.chess.com"]

[Event "Titled Tuesday Blitz June 14 Early 2022"]
[White "Bluebaum, Matthias"]
[Black "Maltsevskaya, Aleksandra"]
[WhiteFideId "24651516"]
[BlackFideId "24174041"]
[WhiteElo "2556"]
[BlackElo "2243"]
[Result "1-0"]
[Round "04"]
[TimeControl "180+1"]
[Date "2022.06.14"]
[WhiteClock "0:01:12"]
[BlackClock "0:00:35"]

1. d4 Nf6 2. c4 b6 3. Nc3 Bb7 4. Qc2 d5 5. cxd5 Nxd5 6. Nf3 g6 7. e4 Nxc3 8. bxc3 Bg7 9. h4 c5 10. Bb5+ Nd7 11. h5 a6 12. h6 axb5 13. hxg7 Rg8 14. Rxh7 Qc7 15. Bg5 cxd4 16. Nxd4 Qe5 17. f4 Qxe4+ 18. Qxe4 Bxe4 19. Nxb5 O-O-O 20. Bxe7 g5 21. f5 f6 22. Nd6+ Kc7 23. O-O-O 1-0


[Site "https://www.chess.com"]

[Event "Titled Tuesday Blitz June 14 Early 2022"]
[White "Bortnyk, Mykola"]
[Black "De Silva, L M S T"]
[WhiteFideId "14120836"]
[BlackFideId "9953698"]
[WhiteElo "2582"]
[BlackElo "1631"]
[Result "0-1"]
[Round "04"]
[TimeControl "180+1"]
[Date "2022.06.14"]
[WhiteClock "0:01:28"]
[BlackClock "0:01:39"]

1. e4 e5 2. Nf3 Nc6 3. Bc4 Nf6 4. Ng5 d5 5. exd5 Na5 6. Bb5+ c6 7. dxc6 bxc6 8. Qf3 Be7 9. Bd3 O-O 10. Nc3 h6 11. h4 Nb7 12. Qxc6 Rb8 13. Nge4 Nd6 14. Nxf6+ Bxf6 15. Ne4 Nxe4 16. Qxe4 g6 17. Qe3 Bb7 18. Qxh6 e4 19. Bc4 Bd5 20. Bxd5 Qxd5 21. h5 Bg5 22. c4 Qe5 23. Qxf8+ Rxf8 24. O-O Qd4 25. d3 Bxc1 26. Raxc1 exd3 27. Rfd1 Qxb2 28. c5 Rc8 29. c6 Qe2 30. hxg6 fxg6 31. Rb1 Rxc6 32. Re1 Qxe1+ 33. Rxe1 d2 0-1


[Site "https://www.chess.com"]

[Event "Titled Tuesday Blitz June 14 Early 2022"]
[White "Bryakin, Mikhail"]
[Black "Zierk, Steven"]
[WhiteFideId "4165314"]
[BlackFideId "2034255"]
[WhiteElo "2417"]
[BlackElo "2494"]
[Result "0-1"]
[Round "04"]
[TimeControl "180+1"]
[Date "2022.06.14"]
[WhiteClock "0:00:13"]
[BlackClock "0:01:12"]

1. e4 e6 2. d4 d5 3. Nd2 c5 4. exd5 Qxd5 5. dxc5 Nf6 6. Ngf3 Qxc5 7. Nb3 Qc7 8. Be2 Be7 9. O-O O-O 10. Bg5 Rd8 11. Qc1 Nc6 12. c3 b6 13. Nbd4 Nxd4 14. Nxd4 Bb7 15. Bf3 Bxf3 16. Nxf3 Rd5 17. Bxf6 Bxf6 18. Qc2 Rad8 19. Rad1 Qc4 20. Rxd5 Rxd5 21. a3 Qa2 22. Qb1 Qb3 23. Rc1 g6 24. h3 Rb5 25. c4 Rc5 26. Rc2 Rxc4 27. Rxc4 Qxc4 28. b3 Qc3 29. a4 Be7 30. Qd1 Bc5 31. Kf1 Qb2 32. Nd2 Qd4 33. Qe2 Qa1+ 34. Qe1 Qxe1+ 35. Kxe1 Bb4 36. Ke2 Bxd2 37. Kxd2 Kf8 38. Kd3 Ke7 39. Kc4 Kd6 40. Kb5 Kc7 41. Ka6 Kb8 42. g4 f5 43. gxf5 gxf5 44. f4 e5 45. fxe5 f4 46. e6 Kc7 47. Kxa7 f3 48. e7 Kd7 49. Kxb6 f2 50. a5 f1=Q 51. a6 Qf6+ 52. Ka7 Qxe7 53. b4 Qxb4 0-1


[Site "https://www.chess.com"]

[Event "Titled Tuesday Blitz June 14 Early 2022"]
[White "Daneshvar, Bardiya"]
[Black "Cherniaiev, Tykhon"]
[WhiteFideId "12576468"]
[BlackFideId "14182360"]
[WhiteElo "2303"]
[BlackElo "2289"]
[Result "1-0"]
[Round "04"]
[TimeControl "180+1"]
[Date "2022.06.14"]
[WhiteClock "0:01:35"]
[BlackClock "0:02:01"]

1. d4 Nf6 2. c4 e6 3. Nc3 d5 4. cxd5 exd5 5. Bg5 Be7 6. e3 O-O 7. Bd3 c6 8. Qc2 h6 9. Bxf6 Bxf6 10. Nf3 c5 11. dxc5 d4 12. exd4 Bxd4 13. O-O-O Nc6 14. Nb5 Kh8 15. Be4 Nb4 16. Rxd4 Qa5 17. Qc4 Nxa2+ 18. Kb1 Be6 19. Qa4 Qxa4 20. Rxa4 Rac8 21. Nbd4 Rxc5 22. Nxe6 Nc3+ 23. bxc3 fxe6 24. Kc2 Rfc8 25. Ra3 b5 26. Rb1 a5 27. Rxa5 Rxc3+ 28. Kd2 R3c4 29. Bd3 Rd8 30. Raxb5 Rcc8 31. Ne5 Kg8 32. Ke3 Rf8 33. f4 g5 34. fxg5 hxg5 35. Rb7 Rc3 36. Kd4 Rfc8 37. Bh7+ Kf8 38. Rf1+ Ke8 39. Bg6+ Kd8 40. Rf8# 1-0


[Site "https://www.chess.com"]

[Event "Titled Tuesday Blitz June 14 Early 2022"]
[White "Galperin, Platon"]
[Black "Hakobyan, Aram"]
[WhiteFideId "14165414"]
[BlackFideId "13306677"]
[WhiteElo "2432"]
[BlackElo "2557"]
[Result "0-1"]
[Round "04"]
[TimeControl "180+1"]
[Date "2022.06.14"]
[WhiteClock "0:00:03"]
[BlackClock "0:00:06"]

1. d4 d5 2. Nf3 a6 3. g3 Nf6 4. Bg2 Bf5 5. c4 e6 6. Qb3 Nc6 7. cxd5 exd5 8. Bd2 Rb8 9. O-O Be7 10. Ne5 Nxd4 11. Qa4+ Nb5 12. Nc3 c6 13. Rad1 O-O 14. Rfe1 Qc7 15. Nd3 Bd6 16. Bg5 Nxc3 17. bxc3 Ne4 18. Bd2 b5 19. Qd4 Nxd2 20. Rxd2 Rfe8 21. e4 dxe4 22. Bxe4 Be5 23. Qc5 Bxe4 24. Rxe4 Bd6 25. Qe3 Rxe4 26. Qxe4 g6 27. h4 Rd8 28. h5 Bf8 29. Re2 Qd6 30. Re3 c5 31. Ne5 Qd1+ 32. Kg2 Qxh5 33. Qb7 Qf5 34. c4 bxc4 35. g4 Qf4 36. Re4 Qf6 37. Nxc4 h5 38. Ne5 hxg4 39. Nxg4 Qf5 40. Qc6 Rd4 41. Rxd4 cxd4 42. f3 d3 43. Nf6+ Kg7 44. Ne4 Qe5 45. Qd7 Qb2+ 46. Kg3 Qe5+ 47. Kg2 Qb2+ 48. Kg3 d2 49. Nxd2 Qxa2 50. Qd4+ Kg8 51. Ne4 Qe6 52. Nf6+ Kh8 53. Ne8+ f6 54. Qh4+ Kg8 55. Nxf6+ Kf7 56. Ne4 Bd6+ 57. Kg2 Be7 58. Qh7+ Ke8 59. Qh8+ Kd7 60. Qd4+ Ke8 61. Qh8+ Kd7 62. Qd4+ Kc8 63. Qc3+ Kb7 64. Qd3 Qc6 65. Qb1+ Ka7 66. Qd3 a5 67. Qe3+ Ka8 68. Qd3 a4 69. Qd4 a3 70. Qh8+ Kb7 71. Qg7 Qc7 72. Qd4 Ka8 73. Qd5+ Qb7 74. Qa5+ Qa7 75. Qd5+ Kb8 76. Qe5+ Kc8 77. Qe6+ Kd8 78. Qg8+ Kd7 79. Qd5+ Kc8 80. Qg8+ Kc7 81. Qc4+ Kb8 82. Qg8+ Kb7 83. Qd5+ Ka6 84. Qc4+ Ka5 85. Qd5+ Kb4 86. Qd2+ Kb5 87. Qd3+ Kb6 88. Qd4+ Kb7 89. Qd5+ Kb8 90. Qb3+ Qb7 91. Qg8+ Ka7 92. Qc4 Qb2+ 93. Kh3 a2 94. Qa4+ Kb6 95. Qa8 a1=Q 96. Qb8+ Kc6 97. Qc8+ Kb5 98. Qb7+ Kc4 99. Qc6+ Kd3 100. Qd5+ Ke3 101. Ng3 Qh8+ 102. Kg4 Qad4+ 103. Qxd4+ Qxd4+ 104. Ne4 Qxe4+ 105. Kg3 Qxf3+ 0-1


[Site "https://www.chess.com"]

[Event "Titled Tuesday Blitz June 14 Early 2022"]
[White "Grischuk, Alexander"]
[Black "Taboas Rodriguez, Daniel"]
[WhiteFideId "4126025"]
[BlackFideId "2208466"]
[WhiteElo "2762"]
[BlackElo "2429"]
[Result "1-0"]
[Round "04"]
[TimeControl "180+1"]
[Date "2022.06.14"]
[WhiteClock "0:00:50"]
[BlackClock "0:00:11"]

1. d4 Nf6 2. Nf3 g6 3. Bf4 Bg7 4. e3 O-O 5. Be2 c5 6. O-O b6 7. d5 Bb7 8. c4 d6 9. Nc3 a6 10. a4 Nh5 11. Bg5 h6 12. Bh4 g5 13. Nd2 Nf6 14. Bg3 Nbd7 15. h3 Ne5 16. f4 Ng6 17. Bd3 Bc8 18. Bh2 e6 19. dxe6 Nh4 20. g3 Bxe6 21. gxh4 Bxh3 22. hxg5 hxg5 23. fxg5 Bxf1 24. Kxf1 Nd7 25. Qh5 f5 26. Nd5 Re8 27. Bxf5 Nf8 28. Bf4 b5 29. Ke2 bxc4 30. Nxc4 Rb8 31. Rg1 Rb3 32. Nf6+ 1-0


[Site "https://www.chess.com"]

[Event "Titled Tuesday Blitz June 14 Early 2022"]
[White "Halkias, Stelios"]
[Black "Antipov, Mikhail Al."]
[WhiteFideId "4201809"]
[BlackFideId "4107012"]
[WhiteElo "2453"]
[BlackElo "2524"]
[Result "1-0"]
[Round "04"]
[TimeControl "180+1"]
[Date "2022.06.14"]
[WhiteClock "0:00:08"]
[BlackClock "0:00:02"]

1. Nf3 Nf6 2. d4 g6 3. g3 Bg7 4. Bg2 O-O 5. O-O d6 6. Re1 Bf5 7. c4 c6 8. Nc3 Ne4 9. Qb3 Nxc3 10. bxc3 Bc8 11. e4 e5 12. Ba3 Re8 13. Rad1 Qc7 14. c5 dxc5 15. Bxc5 Be6 16. Qa3 exd4 17. cxd4 Nd7 18. Bd6 Qd8 19. d5 cxd5 20. exd5 Bg4 21. Rxe8+ Qxe8 22. Re1 Qd8 23. Be7 Qc7 24. d6 Qc3 25. Qxc3 Bxc3 26. Rc1 Bf6 27. Rc7 Bxe7 28. dxe7 Re8 29. h3 Bxf3 30. Bxf3 Rxe7 31. Rxb7 Re1+ 32. Kg2 Ne5 33. Bd5 Rd1 34. Bb3 Rd7 35. Rxd7 Nxd7 36. Kf3 Kf8 37. Ke4 Ke7 38. Kd5 Nf6+ 39. Kd4 g5 40. g4 h6 41. f3 Nd7 42. Kd5 f6 43. Ke4 Nc5+ 44. Kd5 Nd3 45. Kc6 Ne5+ 46. Kb7 Nxf3 47. Kxa7 Ng1 48. Kb7 Nxh3 49. a4 Nf2 50. a5 Nd3 51. Kb6 Kd6 52. a6 Ne5 53. a7 Nd7+ 54. Kb5 1-0


[Site "https://www.chess.com"]

[Event "Titled Tuesday Blitz June 14 Early 2022"]
[White "Karolczuk, Iwo"]
[Black "Shubin, Kirill"]
[WhiteFideId "21816972"]
[BlackFideId "34119962"]
[WhiteElo "2281"]
[BlackElo "2474"]
[Result "0-1"]
[Round "04"]
[TimeControl "180+1"]
[Date "2022.06.14"]
[WhiteClock "0:00:05"]
[BlackClock "0:00:54"]

1. e4 e6 2. d4 d5 3. Nc3 Bb4 4. Ne2 Nc6 5. e5 f6 6. Nf4 fxe5 7. Qh5+ Kf8 8. dxe5 d4 9. Bd2 dxc3 10. bxc3 Bc5 11. Bd3 Nge7 12. Bxh7 Qe8 13. Qh3 Qf7 14. Qd3 Nxe5 15. Qe4 Bd6 16. O-O-O g5 17. Nh3 Qxh7 18. Qe2 g4 19. Ng5 Qf5 20. f4 gxf3 21. gxf3 N5g6 22. h4 Nf4 23. Qc4 Qd5 24. Qa4 Qc6 25. Qb3 Qb6 26. Bxf4 Bxf4+ 27. Kb1 Qxb3+ 28. axb3 Bd6 29. f4 Nf5 30. h5 Ke7 31. c4 Bxf4 32. Ne4 Bd7 33. Rdf1 Be5 34. Re1 Bc6 35. Rhg1 Bxe4 36. Rxe4 Bd6 37. Rg6 Rxh5 38. Rexe6+ Kd7 39. Ref6 Ne7 40. c3 Nxg6 0-1


[Site "https://www.chess.com"]

[Event "Titled Tuesday Blitz June 14 Early 2022"]
[White "Lazavik, Denis"]
[Black "Avila Pavas, Santiago"]
[WhiteFideId "13515110"]
[BlackFideId "4437128"]
[WhiteElo "2437"]
[BlackElo "2291"]
[Result "1-0"]
[Round "04"]
[TimeControl "180+1"]
[Date "2022.06.14"]
[WhiteClock "0:00:39"]
[BlackClock "0:00:03"]

1. d4 Nf6 2. c4 c5 3. d5 b5 4. cxb5 a6 5. e3 g6 6. Nc3 Bg7 7. a4 O-O 8. e4 e6 9. dxe6 fxe6 10. e5 Nh5 11. Nf3 Bb7 12. Be2 axb5 13. Nxb5 Nc6 14. Bg5 Qa5+ 15. Bd2 Qd8 16. O-O Nf4 17. Nd6 Nxe2+ 18. Qxe2 Ba6 19. Nb5 Qb8 20. Bc3 Rf5 21. Rad1 Qb7 22. Qe3 Bxb5 23. axb5 Qxb5 24. Rxd7 Raf8 25. Rd6 Nd4 26. Bxd4 cxd4 27. Nxd4 Qxe5 28. Nxf5 exf5 29. Qxe5 Bxe5 30. Rb6 Rd8 31. g3 Rd2 32. b4 Bd4 33. Rb7 Rb2 34. Kg2 g5 35. Rd1 Rxf2+ 36. Kh1 Bf6 37. Rc1 Rd2 38. Rc8+ Bd8 39. Rbb8 Rd1+ 40. Kg2 Rd2+ 41. Kf1 Rd1+ 42. Ke2 Rb1 43. Rb7 Rb2+ 44. Kd1 Rb1+ 45. Kc2 1-0


[Site "https://www.chess.com"]